 Dungeon Crawl Stone Soup version 0.29-a0-834-g1e95ca9f62 (webtiles) character file.

Game seed: 14630900195692620978

1205 buhh the Changer (level 9, 0/74 HPs)
             Began as a Meteoran Transmuter on July 13, 2022.
             Was a Follower of Cheibriados.
             Slain by a bullfrog (9 damage)
             ... on level 6 of the Dungeon.
             The game lasted 00:12:10 (2089 turns).

buhh the Changer (Meteoran Transmuter)              Turns: 2089, Time: 00:12:11

Health: 0/74       AC: -2    Str: 21    XL:     9   Next: 3%
Magic:  11/14      EV: 22    Int: 22    God:    Cheibriados [*.....]
Gold:   228        SH:  0    Dex: 23    Spells: 4/14 levels left

rFire   + . .      SeeInvis .     - Unarmed
rCold   . . .      Faith    .   (shield currently unavailable)
rNeg    . . .      Spirit   .   (body armour currently unavailable)
rPois   x          Reflect  .   (helmet currently unavailable)
rElec   .          Harm     .   (cloak currently unavailable)
rCorr   .          Rampage  .   (gloves currently unavailable)
Will    +....                   (boots currently unavailable)
Stlth   +.........              (no amulet)
HPRegen 0.22/turn               h - +6 ring of strength
MPRegen 0.14/turn               m - ring of protection from fire

@: spider-form (expiring), wereblooded, corroded, glowing, very slow
A: venomous fangs, tiny, sense surroundings 2, otherworldly, glowing, explore
regen
a: End Transformation, Renounce Religion, Bend Time


You were on level 6 of the Dungeon.
You worshipped Cheibriados.
Cheibriados was aware of your devotion.
You were a venomous arachnid creature.
You visited 2 branches of the dungeon, and saw 7 of its levels.

You collected 228 gold pieces.

Inventory:

Missiles
 l - 5 poisoned darts
Armour
 g - a +0 robe (melded)
 i - a +0 pair of boots (melded)
Magical Staves
 k - a staff of cold
Jewellery
 h - a +6 ring of strength (left front leg)
 m - a ring of protection from fire (right front leg)
Scrolls
 a - 2 scrolls of identify {!d}
 d - a scroll of magic mapping {!d}
 f - a scroll of summoning {unknown}
 j - a scroll of silence {!r}
 n - 2 scrolls of noise
 q - 4 scrolls of amnesia {unknown}
 t - a scroll of teleportation {unknown}
 u - a scroll of enchant armour {unknown}
Potions
 b - a potion of heal wounds {unknown}
 c - 2 potions of mutation {unknown}
 e - a potion of cancellation {unknown}
 o - a potion of haste {unknown}
 p - a potion of degeneration {unknown}
 r - a potion of attraction {unknown}
 s - 2 potions of brilliance {unknown}
 v - a potion of curing {!d}
 w - a potion of resistance {unknown}


   Skills:
 + Level 5.2 Fighting
 - Level 4.0 Dodging
 + Level 6.7 Unarmed Combat
 - Level 3.0 Spellcasting
 * Level 7.7 Transmutations
 - Level 2.0 Ice Magic


You had 4 spell levels left.
You knew the following spells:

 Your Spells              Type           Power      Damage    Failure   Level
a - Beastly Appendage     Tmut           74%        N/A       3%          1
b - Wereblood             Tmut           37%        N/A       4%          2
c - Spider Form           Tmut/Pois      20%        N/A       21%         3
d - Ice Form              Ice/Tmut       24%        N/A       34%         4

Your spell library contained the following spells:

 Spells                   Type           Power      Damage    Failure   Level
 Apportation              Tloc           6%         N/A       28%         1
 Necrotise                Necr           12%        1d4       28%         1
 Summon Small Mammal      Summ           12%        N/A       28%         1


Dungeon Overview and Level Annotations

Branches:
Dungeon (6/15) Zot: 2501   Temple (1/1) D:4 Zot: 829

Altars:
Ashenzari
Cheibriados
Makhleb
Okawaru
Sif Muna
Vehumet
Wu Jian
Xom
Yredelemnul
The Shining One

Shops:
D:2 :

Annotations:
D:5 1 runed translucent door, Encipher's ghost, novice OpTm


Innate Abilities, Weirdness & Mutations

You are a venomous arachnid creature.
You have poisonous fangs.
You are tiny and dextrous.
Your spellcasting is less reliable in this form.
Your armour is entirely melded.
You are incapable of wielding weapons or throwing items.
You passively map the area around you.
You are easily found by Zot.
You glow in the dark.
You regain HP and MP as you explore.


Message History

Your transformation is almost over.
You barely miss Maggie.
Maggie is severely wounded.
Maggie casts a spell.
Maggie draws you further into her thrall.
You hit Maggie.
Maggie looks as sick as possible!
Maggie is almost dead.
Maggie misses you.
You hit Maggie.
Maggie looks as sick as possible!
Maggie is almost dead.
Maggie hits you with a +0 scimitar!
* * * LOW HITPOINT WARNING * * *
The bullfrog hits you.
* * * LOW HITPOINT WARNING * * *
You hit Maggie.
Maggie is almost dead.
The bullfrog completely misses you.
Maggie zaps a wand.
The bolt of acid misses you.
You hit Maggie.
You are no longer entranced.
You feel a bit better.
You kill Maggie!
Cheibriados appreciates the change of pace.
You hiss as the wereblood boils in your veins!
The bullfrog completely misses you.
Your Fighting skill increases to level 5!
Your Transmutations skill increases to level 7!
You have reached level 9!
Your experience leads to an increase in your attributes!
Your base attributes are Str 12, Int 17, Dex 14.
Increase (S)trength, (I)ntelligence, or (D)exterity?
You feel clever. x2; You feel agile.
Your attunement to dungeon structure grows.
You hit the bullfrog.
The bullfrog is poisoned.
The bullfrog is moderately wounded.
The bullfrog misses you. The bullfrog closely misses you.
You hit the bullfrog.
The bullfrog looks even sicker.
The bullfrog is moderately wounded.
The bullfrog hits you!
You die...

.... .....#######.## .....
.....##..#...## ,
.....##.#..##.......# ,
......#.#........#..##
.................#...###
....@..................#
.....##O###..........# **
......#.@###.........##
.........##sF......<..# ,
..........#)).............#
,.#......h.................#
* ,
#..#....##......##....#### ,
.........##............#*
.......#.#...#...)....... ,
.###.........#.###.....### ,
#....##...... ###...# ,
#...# #.......


You could see a bullfrog (very poisoned).

Vanquished Creatures
  Maggie (D:6)
  A black bear (D:4)
  An ogre (D:6)
  A centaur (D:5)
  2 scorpions
  4 hounds
  5 orc priests
  An iguana (D:5)
  3 orc wizards
  5 adders
  A worm (D:4)
  5 dart slugs
  14 orcs
  3 endoplasms
  3 giant cockroaches (D:1)
  4 goblins
  2 hobgoblins (D:3)
  5 jackals
  3 quokkas
  7 ball pythons
  4 bats
  4 frilled lizards
  10 kobolds
  7 rats
96 creatures vanquished.

Vanquished Creatures (others)
  An orc wizard (D:5)
1 creature vanquished.

Grand Total: 97 creatures vanquished

Notes
Turn   | Place    | Note
-------+----------+-------------------------------------------
     0 | D:1      | buhh the Meteoran Transmuter began the quest for the Orb.
     0 | D:1      | Reached XP level 1. HP: 16/16 MP: 5/5
    84 | D:1      | Reached XP level 2. HP: 20/23 MP: 4/6
   106 | D:1      | Found a faded altar of an unknown god.
   229 | D:1      | Learned a level 2 spell: Wereblood
   273 | D:1      | Reached XP level 3. HP: 28/28 MP: 5/8
   278 | D:1      | Reached skill level 3 in Transmutations
   593 | D:2      | Found Oplog's Book Emporium.
   671 | D:2      | Reached XP level 4. HP: 35/36 MP: 9/9
   688 | D:2      | Found an iron altar of Okawaru.
   978 | D:3      | Reached skill level 1 in Ice Magic
   978 | D:3      | Reached XP level 5. HP: 11/41 MP: 8/10
  1165 | D:3      | Learned a level 3 spell: Spider Form
  1219 | D:3      | Found a radiant altar of Vehumet.
  1312 | D:4      | Reached XP level 6. HP: 50/50 MP: 11/11
  1341 | D:4      | Noticed a black bear
  1382 | D:4      | Killed a black bear
  1383 | D:4      | Reached skill level 4 in Transmutations
  1506 | D:4      | Found a staircase to the Ecumenical Temple.
  1520 | Temple   | Entered the Ecumenical Temple
  1545 | Temple   | Became a worshipper of Cheibriados the Contemplative
  1691 | D:5      | Entered Level 5 of the Dungeon
  1706 | D:5      | Reached skill level 5 in Unarmed Combat
  1706 | D:5      | Reached XP level 7. HP: 37/57 MP: 7/12
  1762 | D:5      | Reached skill level 5 in Transmutations
  1815 | D:5      | Reached * piety under Cheibriados
  1874 | D:5      | Reached XP level 8. HP: 63/66 MP: 8/13
  1890 | D:5      | Reached skill level 6 in Transmutations
  1993 | D:5      | Noticed Encipher's ghost (novice OpTm)
  1993 | D:5      | Found a runed translucent door.
  2058 | D:6      | Learned a level 4 spell: Ice Form
  2061 | D:6      | Noticed Maggie
  2087 | D:6      | Killed Maggie
  2088 | D:6      | Reached skill level 5 in Fighting
  2088 | D:6      | Reached skill level 7 in Transmutations
  2088 | D:6      | Gained mutation: You passively map the area around you.
                  | [Meteoran growth]
  2088 | D:6      | Reached XP level 9. HP: 9/74 MP: 11/14
  2089 | D:6      | Slain by a bullfrog

Illustrated notes

Levels and vault maps discovered:
D:1:      nicolae_arrival_somewhat_less_tricky_arrival, layout_basic,
          serial_curves, eino_curves_02, eino_curves_02, eino_curves_03,
          eino_curves_01, hellmonk_ecumenical_altar_prayer_group,
          minmay_misc_feat_square, serial_park_tiny_pond, minmay_surrounded
D:2:      layout_loops_ring, serial_shops, nicolae_shop_stone, basic_altar
D:3:      layout_loops_ring, mainiacjoe_overflow_six_doors_small
D:4:      layout_layer_cave, nicolae_overflow_hallway_of_the_gods,
          minmay_temple_entry_glass, minmay_fountain_box, uniq_sigmund
D:5:      layout_cave_pools, hellmonk_ghost_happy_afterlife,
          corexii_hall_statues_l
D:6:      layout_cave_pools, lemuel_round_altar, nicolae_good_shop, uniq_maggie
Temple:   nicolae_temple_godzebo

Skill      XL: |  1  2  3  4  5  6  7  8 |
---------------+-------------------------+-----
Spellcasting   | 3 |  3.0
Transmutations | 3 4 5 7 |  7.7
Dodging        | 3 4 |  4.0
Unarmed Combat | 4 5 6 |  6.7
Fighting       | 2 3 4 5 |  5.2
Ice Magic      | 1 2 |  2.0

Action                   |  1- 3 |  4- 6 |  7- 9 || total
-------------------------+-------+-------+-------++-------
Melee: Unarmed           |    76 |   111 |    65 ||   252
       Kick              |    15 |    10 |       ||    25
       Headbutt          |     4 |     8 |       ||    12
       Punch             |     3 |     1 |       ||     4
 Cast: Beastly Appendage |    14 |    15 |       ||    29
       Wereblood         |     1 |     2 |     3 ||     6
       Spider Form       |       |     6 |     8 ||    14
  Use: Scroll            |     2 |     4 |       ||     6
       Potion            |     1 |       |     3 ||     4
Armor: Robe              |    10 |    18 |     1 ||    29
       Skin              |    12 |     1 |     6 ||    19
Dodge: Dodged            |    39 |    74 |    75 ||   188

Table legend: (Time is in decaauts)
 A = Elapsed time spent in this place.
 B = Non-inter-level travel time spent in this place.
 C = Inter-level travel time spent in this place.
 D = Time resting spent in this place.
 E = Time spent auto-exploring this place.
 F = Levels seen in this place.
 G = Mean time per level.
                   A        B        C        D        E       F      G
               +--------+--------+--------+--------+--------+-----+--------+
         Total |   2204 |   2182 |     22 |      0 |      0 |   7 |  314.9 |
       Dungeon |   2146 |   2124 |     22 |      0 |      0 |   6 |  357.7 |
        Temple |     57 |     57 |      0 |      0 |      0 |   1 |   57.0 |
               +--------+--------+--------+--------+--------+-----+--------+

Top non-repeatable levels by time:
     D:4: 496 daAuts
     D:2: 442 daAuts
     D:3: 439 daAuts
     D:1: 401 daAuts
     D:5: 316 daAuts
  Temple: 57 daAuts
     D:6: 50 daAuts
